 Dungeon Crawl Stone Soup version 0.30.0 (webtiles) character file.

Game seed: 10728847595642390383

39 browni3141 the Sneak (level 3, -3/33 HPs)
             Began as an Armataur Delver on May 6, 2023.
             Slain by an iguana (5 damage)
             ... on level 5 of the Dungeon.
             The game lasted 00:02:04 (363 turns).

browni3141 the Sneak (Armataur Delver)               Turns: 363, Time: 00:02:04

Health: -3/33      AC:  4    Str: 19    XL:     3   Next: 26%
Magic:  3/3        EV:  9    Int: 10    God:
Gold:   29         SH:  0    Dex: 11    Spells: 2/2 levels left

rFire   . . .        I - +0 great sword
rCold   . . .        (shield currently unavailable)
rNeg    . . .        b - +0 leather armour
rPois   .            (no helmet)
rElec   .            (no cloak)
rCorr   .            (no gloves)
SInv    .            (no barding)
Will    .....        (no amulet)
Stlth   +++          (no ring)
HPRegen 0.25/turn    (no ring)
MPRegen 0.08/turn

%: roll
@: hasted, very quick
A: large, rugged brown scales 3, deformed body, armoured tail, roll, long
tongue, awkward tongue
a: no special abilities


You were on level 5 of the Dungeon.
You visited 1 branch of the dungeon, and saw 3 of its levels.

You collected 29 gold pieces.

Inventory:

Hand Weapons
 a - a +0 short sword
 I - a +0 great sword (weapon)
Armour
 b - a +0 leather armour (worn)
Jewellery
 G - a ring of positive energy
Wands
 g - a wand of digging (3)
Scrolls
 d - a scroll of magic mapping
 F - a scroll of fog
 H - 2 scrolls of teleportation {unknown}


   Skills:
 - Level 3.0 Fighting
 - Level 3.0 Short Blades
 * Level 1.1 Armour
 - Level 1.3 Dodging
 - Level 5.4 Stealth


You had 2 spell levels left.
You didn't know any spells.
Your spell library contained the following spells:

 Spells                   Type           Power      Damage    Failure   Level
 Cigotuvi's Dreadful Rot  Necr/Pois/Air  0%         N/A       56%         2
 Dispel Undead            Necr           0%         3d6       99%         4
 Death Channel            Necr           0%         N/A       100%        6


Dungeon Overview and Level Annotations

Branches:
Dungeon (6/15)
 Temple: D:4-7

Altars:


Innate Abilities, Weirdness & Mutations

You are completely covered in rugged brown scales. (AC +3, +7% HP)
Armour fits poorly on your strangely shaped body.
You have a long armoured tail.
You roll when moving toward enemies. (Rampage)
Your long tongue fully drains potion bottles. (2x potion effects)
Your tongue gives you trouble enunciating. (1.5x scroll delay)


Message History

Your Armour skill increases to level 1!
You hit the hobgoblin but do no damage. The hobgoblin hits you.
You closely miss the hobgoblin.
The hobgoblin hits you but does no damage.
You completely miss the hobgoblin.
The hobgoblin hits you but does no damage.
You closely miss the hobgoblin. You barely miss the hobgoblin.
The hobgoblin barely misses you.
You hit the hobgoblin.
Your tail-slap misses the hobgoblin.
The hobgoblin is almost dead.
The hobgoblin hits you.
You hit the hobgoblin but do no damage.
The hobgoblin is almost dead.
The hobgoblin hits you but does no damage.
You barely miss the hobgoblin.
The hobgoblin is almost dead.
The hobgoblin hits you.
You closely miss the hobgoblin.
The hobgoblin is almost dead.
The hobgoblin closely misses you.
You barely miss the hobgoblin.
The hobgoblin is almost dead.
The hobgoblin hits you.
You hit the hobgoblin.
You kill the hobgoblin!
You see here a hobgoblin corpse.
HP restored.
You now have 29 gold pieces (gained 17).
A hobgoblin and an iguana come into view.
There are monsters nearby!
There are monsters nearby!
There are monsters nearby! 2 gnolls come into view.
Found a stone staircase leading down.
The hobgoblin shouts!
The iguana hisses angrily.
The gnoll shouts!
You hear a bark!
A jackal comes into view.
A gnoll comes into view. It is wielding a +0 whip.
The jackal barks!
The gnoll shouts! x2
You hit the iguana but do no damage. You tail-slap the iguana.
The iguana is moderately wounded.
A jackal comes into view. x2
A jackal comes into view.
The iguana attacks as you move away! The iguana misses you.
The iguana closely misses you. The iguana attacks as you move away!
The iguana barely misses you.
You see here a +0 great sword.
I - a +0 great sword The iguana barely misses you.
The iguana attacks as you move away! The iguana barely misses you.
The iguana attacks as you move away! The iguana bites you!
The iguana attacks as you move away! The iguana closely misses you.
There is a stone staircase leading down here.
The iguana barely misses you.
You climb downwards.
There is a stone staircase leading up here.
You barely miss the iguana.
The iguana is lightly wounded.
The iguana bites you but does no damage.
You barely miss the iguana.
The iguana is lightly wounded.
The iguana barely misses you.
You barely miss the iguana.
The iguana is lightly wounded.
The iguana bites you!
You barely miss the iguana.
The iguana is lightly wounded.
The iguana barely misses you.
You hit the iguana but do no damage.
The iguana is lightly wounded.
The iguana bites you!
You hit the iguana but do no damage. You tail-slap the iguana.
The iguana is moderately wounded.
The iguana bites you.
* * * LOW HITPOINT WARNING * * *
You hit the iguana but do no damage.
The iguana is moderately wounded.
As you slowly read the scroll of fear, it crumbles to dust.
You assume a fearsome visage.
The iguana looks frightened!
An iguana is nearby!
You start resting.
An iguana is nearby!
I - a +0 great sword (weapon)
You feel yourself speed up.
You slurp down every last drop of the potion of haste!
An iguana is nearby!
You roll towards the iguana!
You hit the iguana but do no damage.
The iguana is moderately wounded.
The iguana barely misses you. The iguana bites you!
* * * LOW HITPOINT WARNING * * *
You completely miss the iguana. You tail-slap the iguana!
The iguana is severely wounded.
The iguana closely misses you.
You closely miss the iguana.
The iguana is severely wounded.
The iguana closely misses you.
You barely miss the iguana.
The iguana is severely wounded.
The iguana bites you.
You die...

######.###
#......#
#.######
#.# #.#
#.# #.#
########.#
#<@l.....#
##########


You could see an iguana.

Vanquished Creatures
  A hound (D:5)
  An ufetubus (D:4)
  An orc (D:5)
  A hobgoblin (D:4)
4 creatures vanquished.

Notes
Turn   | Place    | Note
-------+----------+-------------------------------------------
     0 | D:5      | browni3141 the Armataur Delver began the quest for the Orb.
     0 | D:5      | Reached XP level 1. HP: 19/19 MP: 1/1
     1 | D:5      | Noticed an iguana
     4 | D:6      | Noticed a scorpion
    21 | D:5      | Noticed a hound
    21 | D:5      | Noticed a sleepcap
    27 | D:5      | Killed a hound
    28 | D:5      | Reached skill level 3 in Fighting
    28 | D:5      | Reached skill level 3 in Short Blades
    28 | D:5      | Reached XP level 2. HP: 17/27 MP: 2/2
    28 | D:5      | Reached XP level 3. HP: 21/33 MP: 3/3
   360 | D:5      | HP: 1/33 [iguana (11)]
   363 | D:5      | Slain by an iguana

Illustrated notes

Levels and vault maps discovered:
D:4:      layout_basic, dk_yredelemnul_ordeal, minmay_temple_entry_hall,
          uniq_menkaure
D:5:      layout_basic, general_overflow_altar, nicolae_elyvilon_peaceful_grove
D:6:      layout_layer_cave, mainiacjoe_overflow_alcove_4,
          lemuel_mausoleum_altar_kikubaaqudgha, kennysheep_generic_room_9,
          uniq_sigmund

Skill      XL: |  1  2  3 |
---------------+----------+-----
Fighting       | 3 |  3.0
Short Blades   | 3 |  3.0
Armour         | 1 |  1.1
Dodging        | |  1.3
Stealth        | |  5.4

Action                     || total
---------------------------++-------
  Melee: Short sword       ||    40
         Tailslap          ||     6
         Great sword       ||     4
         Punch             ||     1
    Use: Scroll            ||     1
         Potion            ||     1
   Stab: Sleeping          ||     1
 Armour: Leather armour    ||    13
  Dodge: Dodged            ||    28
